AoeStats
← jusart.92

Lombardia

510187567Analyzed
3v3 RM · 3d ago on Sep 29, 2026· 22m 12s· 6 players
Game mode
Random Map
Map size
Normal (6 player)
Population
200
Speed
Normal
Resources
Standard
Victory
Conquest
Starting age
Dark Age
Ending age
Imperial Age
RankedLock teamsTeams togetherTeam positionsShared explorationLock speedFull tech treeHidden civsTurbo modeCheats
Victory
Defeat
🇦🇷 Persians · Argentina
1292
+14
🇺🇸 Mongols · United States
1259
+16
🇲🇽 Varangians · Mexico
1198
+19
🇦🇷 Saracens · Argentina
1276
-17
🇦🇷 Magyars · Argentina
1248
-16
🇦🇷 Lithuanians · Argentina
1237
-16
monk
8:45 Loom
11:58 Feudal Age
17:29 Castle Age
17:47 Fletching
18:13 Crossbowman
Gus_Fring
3:47 Loom
10:33 Feudal Age
11:47 Double-Bit Axe
11:46 Horse Collar
18:57 Bloodlines
23:54 Castle Age
ThomasShelby
7:14 Loom
10:06 Feudal Age
10:42 Double-Bit Axe
10:51 Horse Collar
ׅ
1:47 Loom
9:07 Feudal Age
9:49 Double-Bit Axe
11:39 Horse Collar
17:00 Scale Barding Armor
17:06 Forging
18:30 Gold Mining
22:03 Castle Age
22:09 Bloodlines
22:47 Husbandry
1
8:14 Feudal Age
6:46 Loom
8:37 Double-Bit Axe
15:01 Horse Collar
17:18 Wheelbarrow
20:24 Castle Age
19:23 Bloodlines
19:06 Gold Mining
19:46 Forging
20:21 Scale Barding Armor
20:19 Light Cavalry
21:00 Husbandry
21:29 Bow Saw
jusart.92
6:22 Loom
9:00 Feudal Age
10:48 Bloodlines
15:51 Forging
15:47 Scale Barding Armor
18:07 Double-Bit Axe
21:35 Castle Age
21:42 Light Cavalry
22:58 Iron Casting
Connection lost

Rejoining the realm…

Still unreachable

The connection could not be restored.

Session expired

The server has moved on; the page needs a fresh start.